 Dungeon Crawl Stone Soup version 0.14-a0-2071-g7172c92 (webtiles) character file.

677 HollowCharge the Slasher (level 6, -5/53 HPs)
             Began as a Draconian Gladiator on Jan 23, 2014.
             Was an Initiate of the Shining One.
             Slain by Grinder (6 damage)
             ... on Level 4 of the Dungeon.
             The game lasted 00:24:07 (4666 turns).

HollowCharge the Slasher (Draconian Gladiator)      Turns: 4666, Time: 00:24:07

HP  -5/53        AC  7     Str 17      XL: 6   Next: 71%
MP   6/6         EV 14     Int  8      God: the Shining One [......]
Gold 236         SH  0     Dex 14      Spells:  0 memorised,  5 levels left

rFire  . . .     SeeInvis .     t - +0 long sword
rCold  . . .     Clarity  .     (armour unavailable)
rNeg   . . .     Conserve .     (no shield)
rPois  .         rCorr    .     c - +0 hat
rElec  .         rRot     .     (no cloak)
SustAb . .       Spirit   .     m - +0 pair of elf gloves
rMut   .         Warding  .     (no boots)
Saprov . . .     Stasis   .     q - amulet of faith
MR     .....                    (no ring)
                                (no ring)

@: not resistant to hostile enchantments, unstealthy
A: unfitting armour, AC +6
a: Renounce Religion


You were on level 4 of the Dungeon.
You worshipped the Shining One.
The Shining One was noncommittal.
You were very hungry.

You visited 2 branches of the dungeon, and saw 7 of its levels.

You collected 236 gold pieces.

Inventory:

Hand weapons
 a - a +0,+0 falchion
 t - a +0,+0 long sword (weapon)
Missiles
 d - 3 throwing nets (quivered)
Armour
 c - a +0 hat (worn)
 m - a +0 pair of elven gloves (worn)
Magical devices
 n - a wand of lightning (1)
 v - a wand of heal wounds (2) {unknown}
 y - a wand of confusion (9) {unknown}
Comestibles
 b - 2 apples
 f - 2 bread rations
 g - a cheese
 i - a banana
 r - 3 meat rations
 w - a rotting chunk of hound flesh
Scrolls
 h - a scroll of identify
 j - a scroll of curse jewellery {unknown}
 l - 2 scrolls of remove curse
 o - a scroll of teleportation
 p - a scroll of fear
 s - 2 scrolls of amnesia
 x - a scroll of magic mapping {unknown}
 z - 3 scrolls of recharging
Jewellery
 q - an amulet of faith (around neck)
 u - an uncursed amulet of warding
Potions
 e - a potion of restore abilities


   Skills:
 + Level 4.6 Fighting
 * Level 5.4 Long Blades
 - Level 1.7 Throwing
 + Level 4.3 Dodging


You had 5 spell levels left.
You didn't know any spells.

Dungeon Overview and Level Annotations

Branches:
Dungeon (6/16)             Temple (1/1) D:4

Altars:
Ashenzari
Cheibriados
Elyvilon
Fedhas
Kikubaaqudgha
Makhleb
Nemelex Xobeh
Okawaru
Sif Muna
Trog
Vehumet
Xom
Yredelemnul
Zin
the Shining One

Annotations:
D:4 Edmund, Grinder, Menkaure
D:5 Blork the orc, Dowan, Duvessa, Eustachio


Message History

* * * LOW HITPOINT WARNING * * *
The hobgoblin closely misses you.
You slash the hobgoblin!
You kill the hobgoblin!
The phantom blinks!
The phantom blinks!
The phantom blinks!
The phantom blinks!
You are feeling very hungry.
There is a stone staircase leading up here.
You climb upwards.
You hear the sound of rushing water.
There is an entrance to a sewer on this level.
Hurry and find it before the portal rusts away!
You hear the slow rusting of a distant drain.
Level annotation: Edmund, Grinder, Menkaure Grinder shouts!
Grinder hits you!
* * * LOW HITPOINT WARNING * * *
You writhe in agony.
You die...

................................
...............................
.p...........................
... ..........................
.... ..........................
....###.#....#.......#..#......
.....#.........................
......P...................#..s
#....P.....@......###.####..
#.....>....s5...### ### ..
##..............#.##### .
#...P.P...............## .
##.###..##......#......# ###
#.................##
##.................#
###...........##.##
##.#............###


You could see Grinder and a giant mite.

Vanquished Creatures
  An ice beast (D:5)
  An ogre (D:6)
  A troll skeleton (D:5)
  A hound (D:5)
  A worker ant (D:4)
  3 adders (D:3)
  4 gnolls
  An inept feature mimic (D:2)
  A worm (D:3)
  4 giant geckos
  5 orcs
  2 ball pythons (D:1)
  4 bats
  A giant cockroach (D:2)
  6 hobgoblins
  4 quokkas
  A giant gecko skeleton (D:5)
  7 giant newts
  9 goblins
  6 jackals
  3 kobolds
  An orc skeleton (D:6)
  11 rats
78 creatures vanquished.

Vanquished Creatures (others)
  An adder (D:2)
1 creature vanquished.

Grand Total: 79 creatures vanquished

Notes
Turn   | Place    | Note
--------------------------------------------------------------
     0 | D:1      | HollowCharge, the Draconian Gladiator, began the quest for the Orb.
     0 | D:1      | Reached XP level 1. HP: 17/17 MP: 1/1
   131 | D:1      | Reached XP level 2. HP: 15/25 MP: 2/2
   820 | D:2      | Reached XP level 3. HP: 24/30 MP: 3/3
   943 | D:2      | Found a radiant altar of Vehumet.
   988 | D:2      | Found an ancient bone altar of Kikubaaqudgha.
  1822 | D:3      | Reached XP level 4. HP: 34/38 MP: 4/4
  2318 | D:3      | Reached skill level 4 in Long Blades
  2598 | D:3      | Reached XP level 5. HP: 43/46 MP: 5/5
  2749 | D:4      | Noticed Menkaure
  2752 | D:4      | Noticed a phantom
  2753 | D:4      | Noticed Edmund
  3196 | D:4      | Found a staircase to the Ecumenical Temple.
  3211 | Temple   | Entered the Ecumenical Temple
  3281 | Temple   | Became a worshipper of the Shining One
  3336 | D:4      | Noticed Grinder
  3351 | D:5      | Entered Level 5 of the Dungeon
  3631 | D:5      | Found a blossoming altar of Fedhas.
  3648 | D:5      | Noticed an ice beast
  3665 | D:5      | Killed an ice beast
  3665 | D:5      | Reached XP level 6. HP: 28/52 MP: 6/6
  3809 | D:5      | Reached skill level 5 in Long Blades
  4074 | D:5      | Noticed Duvessa
  4074 | D:5      | Noticed Dowan
  4074 | D:5      | Noticed a phantom
  4075 | D:5      | Noticed Blork the orc
  4086 | D:5      | Noticed a phantom
  4396 | D:5      | Noticed Eustachio
  4565 | D:5      | Paralysed by a potion of paralysis for 7 turns
  4625 | D:5      | HP: 1/53 [phantom (6)]
  4666 | D:4      | HP: 1/53 [Grinder (7)]
  4666 | D:4      | Slain by Grinder

Action                   |  1- 3 |  4- 6 || total
-------------------------+-------+-------++-------
Melee: Falchion          |   103 |       ||   103
       Long sword        |    27 |   167 ||   194
Evoke: Wand              |       |     4 ||     4
  Use: Scroll            |     7 |     5 ||    12
       Potion            |     4 |     3 ||     7
 Stab: Sleeping          |     2 |     1 ||     3
